Map: Abandoned Camp

Players

jwolg

  • Race: Protoss Protoss
  • Spawn Location: 7:00

bryan

  • Race: Terran Terran
  • Spawn Location: 11:00

Hberto

  • Race: Terran Terran
  • Spawn Location: 9:00

Infamous - Winner!

  • Race: Protoss Protoss
  • League: Silver
  • Spawn Location: 5:00

skyblue - Winner!

  • Race: Protoss Protoss
  • League: Gold
  • Spawn Location: 3:00

mom - Winner!

  • Race: Terran Terran
  • League: Gold
  • Spawn Location: 3:00

VOD

Have the link to the VOD?

Description

Time

  • Played on: March 30, 2018, 3:17 p.m.
  • Length: 14:59
Show
View Real Time Build Order
Export as new Build Order

jwolg Protoss 

Build Orders:  

Get SALT Encoding   

  12  0:08  Probe  
  13  0:21  Pylon  
  13  0:26  Probe  
  14  0:38  Probe  
  15  0:49  Forge  
  15  0:59  Pylon  
  15  1:06  Pylon  
  15  1:10  Probe  
  16  1:18  Gateway  
  16  1:22  Probe  
  17  1:32  Photon Cannon  
  17  1:43  Photon Cannon  
  17  1:54  Pylon  
  17  1:57  Probe, Assimilator  
  18  2:12  Photon Cannon  
  18  2:19  Pylon  
  18  2:27  Zealot  
  18  2:29  Probe  
  21  2:37  Assimilator  
  21  2:47  Cybernetics Core  
  21  3:01  Photon Cannon  
  15  3:19  Photon Cannon  
Show
View Real Time Build Order
Export as new Build Order

bryan Terran 

Build Orders:  

Get SALT Encoding   

  12  0:01  SCV  
  13  0:13  SCV  
  14  0:25  SCV  
  14  0:26  Supply Depot  
  15  0:41  Refinery  
  15  0:47  SCV  
  16  0:52  Refinery  
  16  0:59  SCV  
  17  1:04  Barracks  
  17  1:12  SCV  
  18  1:24  SCV  
  19  1:36  Barracks, SCV  
  20  1:48  SCV  
  21  1:55  Barracks Reactor  
  21  2:06  Command Center  
  22  2:15  SCV  
  22  2:31  Barracks Reactor  
  22  2:32  Factory  
  22  2:39  Reaper  
  22  2:40  Refinery  
  23  2:48  Supply Depot  
  23  3:10  Reaper  
  23  3:11  Supply Depot  
  23  3:12  Reaper  
  25  3:14  Reaper  
  25  3:15  Reaper  
  27  3:23  Factory Tech Lab  
  27  3:33  Supply Depot  
  27  3:40  SCV  
  28  3:47  Reaper  
  28  3:48  Reaper  
  30  3:49  Reaper  
  30  3:53  SCV  
  32  4:05  SCV  
  32  4:09  Reaper  
  34  4:21  Reaper  
  35  4:41  Reaper  
  36  4:46  Factory  
  36  4:47  Siege Tank  
  36  4:51  Orbital Command  
  39  4:55  Starport  
  39  5:00  SCV  
  40  5:07  Refinery  
  40  5:19  Siege Tank  
  38  6:14  Factory Tech Lab  
  36  6:31  Siege Tank  
  39  6:39  Starport  
  39  6:40  Starport Reactor, Armory  
  39  6:45  SCV  
  36  6:57  SCV  
  37  7:04  Siege Tank  
  40  7:34  Siege Tank  
  40  7:36  Starport Reactor  
  43  7:43  Starport  
  43  7:44  Terran Ship Weapons Level 1  
  43  7:50  Marine  
  43  7:51  Marine x3  
  45  7:56  Siege Tank  
  50  8:06  Siege Tank  
  50  8:08  Marine x2  
  50  8:09  Marine x2  
  50  8:12  Viking x2  
  61  8:19  Viking x2  
  65  8:24  Supply Depot  
  65  8:56  SCV  
  66  9:05  Supply Depot  
  66  9:06  Starport Tech Lab  
  66  9:08  SCV  
  67  9:13  Viking x2  
  67  9:14  Viking x2  
  73  9:38  SCV, Terran Vehicle And Ship Armor Level 1  
  73  9:49  Raven  
  73  9:50  SCV  
  73  9:52  Viking x2  
  78  9:53  Viking x2  
  84  10:02  SCV  
  85  10:14  Siege Tank  
  85  10:15  Siege Tank  
  91  10:27  Supply Depot  
  91  10:32  Raven  
  93  10:47  Siege Tank  
  96  11:17  Viking  
  98  11:19  Viking x2  
  98  11:20  Viking x2  
  106  11:47  Siege Tank, Viking  
  106  11:48  Siege Tank  
  106  11:53  Viking  
  108  12:19  Siege Tank  
  108  12:20  Siege Tank  
  112  13:03  Viking  
  112  13:04  Viking x2  
  118  13:11  Supply Depot  
  118  13:15  Viking  
  120  13:33  Viking  
  60  14:23  Siege Tank x2  
  69  14:43  Starport  
Show
View Real Time Build Order
Export as new Build Order

Hberto Terran 

Build Orders:  

Get SALT Encoding   

  12  1:23  SCV  
  13  1:31  Refinery  
  13  1:33  Refinery  
  13  1:35  SCV  
  14  1:40  Supply Depot  
  14  1:44  Supply Depot  
  14  1:47  SCV  
  14  1:51  Engineering Bay  
  15  2:02  SCV  
  15  2:04  Barracks  
  15  2:07  Barracks  
  16  2:14  SCV  
  17  2:20  Barracks  
  17  2:26  SCV  
  17  2:27  Missile Turret  
  18  2:38  SCV  
  19  2:50  SCV  
  20  3:02  SCV  
  20  3:04  Marine  
  22  3:06  Marine  
  22  3:09  Barracks Reactor  
  22  3:14  SCV  
  22  3:15  Factory  
  23  3:27  SCV  
  24  3:34  Barracks Reactor  
  24  3:35  Barracks Reactor  
  24  3:50  SCV  
  25  4:00  Factory Tech Lab  
  24  4:03  Factory  
  24  4:04  Marine x2  
  26  4:12  Marine x2  
  28  4:20  Siege Tank  
  31  4:33  Supply Depot  
  31  4:54  Marine x5  
  31  4:55  Factory Reactor, Siege Tank  
  31  4:57  Supply Depot  
  39  5:00  Starport  
  39  5:02  Factory Tech Lab  
  39  5:18  Marine x6  
  45  5:29  Supply Depot  
  45  5:36  Marine  
  45  5:39  Starport Tech Lab  
  46  5:42  Bunker  
  46  5:51  Siege Tank  
  46  5:52  Siege Tank  
  46  5:56  Supply Depot  
  52  5:59  Cloaking Field  
  52  6:23  Bunker  
  55  6:26  Banshee  
  55  6:38  Marine x2  
  55  6:39  Marine x2  
  58  6:40  Marine  
  58  6:46  Siege Tank  
  63  7:31  Starport  
  63  7:56  Supply Depot  
  63  8:17  Marine x5, Banshee  
  63  8:18  Supply Depot  
  53  8:35  Marine  
  53  8:40  Starport Reactor  
  43  8:44  Missile Turret  
  43  8:46  Missile Turret  
  43  8:47  Planetary Fortress  
  43  8:49  Marine x4  
  43  8:53  Marine  
  48  9:11  Marine  
  49  9:18  Marine x2  
  49  9:21  Viking x2  
  49  9:23  Banshee  
  58  9:29  Marine  
  59  9:32  Missile Turret  
  59  9:35  Widow Mine  
  59  9:37  Missile Turret  
  61  9:46  Marine  
  62  9:57  Widow Mine  
  62  9:58  Viking  
  62  9:59  Viking  
  68  10:04  Marine  
  69  10:07  Missile Turret  
  67  10:45  Missile Turret  
  48  11:02  Banshee  
  51  11:04  Viking x2  
  55  11:44  Command Center  
  55  11:46  Banshee  
Show
View Real Time Build Order
Export as new Build Order

Infamous Protoss - Winner!

Build Orders:  

Get SALT Encoding   

  12  0:01  Probe  
  13  0:17  Pylon, Probe  
  14  0:30  Probe (Chrono Boost)  
  14  0:35  Gateway  
  15  0:42  Probe (Chrono Boost)  
  16  0:49  Probe (Chrono Boost)  
  16  0:54  Assimilator  
  17  1:05  Gateway  
  17  1:06  Probe  
  18  1:19  Probe  
  18  1:22  Cybernetics Core  
  19  1:32  Probe (Chrono Boost)  
  20  1:43  Probe (Chrono Boost)  
  20  1:44  Pylon  
  21  1:52  Probe  
  22  1:57  Assimilator  
  22  2:01  Warp Gate (Chrono Boost), Adept (Chrono Boost)  
  22  2:07  Probe  
  26  2:09  Adept (Chrono Boost)  
  26  2:19  Probe  
  27  2:23  Adept  
  29  2:30  Forge  
  29  2:31  Probe  
  30  2:43  Probe  
  31  2:45  Pylon  
  31  3:03  Probe, Adept  
  34  3:11  Photon Cannon  
  34  3:13  Shield Battery  
  34  3:15  Probe  
  35  3:27  Probe  
  36  3:43  Probe  
  37  3:55  Probe  
  38  3:59  Gateway  
  38  4:00  Gateway  
  38  4:07  Probe  
  37  4:19  Probe  
  34  4:27  Pylon  
  34  4:34  Adept  
  34  4:35  Adept  
  38  4:40  Nexus  
  38  4:41  Probe, Protoss Ground Weapons Level 1 (Chrono Boost)  
  39  4:54  Gateway  
  39  4:56  Gateway x2  
  39  4:58  Shield Battery  
  39  5:04  Probe  
  40  5:13  Twilight Council  
  40  5:16  Probe  
  40  5:21  Pylon  
  40  5:25  Pylon  
  40  5:38  Zealot x3  
  40  5:39  Zealot  
  46  5:58  Probe  
  46  5:59  Probe  
  48  6:10  Probe  
  49  6:20  Pylon  
  49  6:22  Pylon  
  49  6:24  Pylon  
  49  6:25  Photon Cannon  
  49  6:26  Pylon  
  49  6:28  Photon Cannon  
  49  6:33  Probe x2, Photon Cannon  
  51  6:45  Probe (Chrono Boost)  
  51  6:46  Probe (Chrono Boost)  
  53  6:48  Robotics Facility  
  53  6:49  Robotics Facility, Protoss Ground Armor Level 1 (Chrono Boost)  
  53  6:53  Charge  
  53  6:57  Probe (Chrono Boost)  
  54  7:06  Photon Cannon  
  54  7:08  Stalker  
  56  7:09  Stalker  
  56  7:10  Photon Cannon  
  56  7:12  Sentry  
  56  7:15  Adept  
  62  7:16  Sentry  
  62  7:17  Sentry  
  62  7:18  Sentry  
  68  7:31  Probe (Chrono Boost)  
  70  7:37  Probe (Chrono Boost)  
  70  7:40  Stalker x4  
  70  7:42  Sentry x2  
  82  7:54  Shield Battery  
  82  7:57  Photon Cannon  
  82  8:05  Stalker x3  
  88  8:07  Sentry x3  
  94  8:36  Stalker  
  94  8:37  Stalker x6  
  108  9:00  Assimilator  
  108  9:05  Assimilator  
  108  9:16  Stalker  
  110  9:40  Nexus  
  110  9:43  Protoss Ground Weapons Level 2 (Chrono Boost)  
  110  9:44  Pylon  
  110  9:46  Pylon  
  110  9:48  Pylon  
  110  9:52  Pylon  
  110  9:54  Forge  
  110  9:59  Immortal x2 (Chrono Boost)  
  118  10:07  Probe x2  
  120  10:20  Zealot x6  
  120  10:21  Zealot  
  128  10:54  Observer x2  
  130  11:12  Probe x3  
  133  11:21  Photon Cannon  
  133  11:23  Photon Cannon  
  133  11:24  Probe x3  
  133  11:25  Photon Cannon  
  136  11:27  Photon Cannon  
  136  11:51  Probe  
  136  11:52  Probe x2  
  137  12:03  Probe  
  136  12:25  Stalker  
  136  12:26  Stalker x5  
  136  12:27  Stalker  
  94  12:48  Probe x3  
  94  12:50  Observer x2  
  99  13:00  Probe  
  99  13:01  Pylon  
  99  13:03  Pylon  
  99  13:05  Stalker x2  
  102  13:06  Pylon, Stalker x4  
  102  13:07  Stalker  
  114  13:14  Observer x2  
  116  13:31  Assimilator  
  116  13:34  Assimilator  
  116  13:35  Pylon, Immortal  
  116  13:37  Pylon  
  116  13:38  Photon Cannon  
  120  13:41  Pylon x2, Photon Cannon  
  120  13:45  Photon Cannon  
  118  13:51  Zealot x5  
  118  13:52  Zealot x2  
  112  14:12  Stalker x5  
  112  14:13  Stalker  
  122  14:20  Probe x3  
  125  14:32  Probe x3  
  108  14:50  Stalker  
  108  14:51  Stalker x2  
  108  14:52  Zealot x4  
Show
View Real Time Build Order
Export as new Build Order

skyblue Protoss - Winner!

Build Orders:  

Get SALT Encoding   

  12  0:01  Probe  
  13  0:21  Assimilator  
  13  0:23  Pylon  
  13  0:40  Probe  
  14  0:45  Gateway  
  14  0:52  Probe (Chrono Boost)  
  15  0:57  Assimilator  
  15  1:04  Probe (Chrono Boost)  
  16  1:09  Probe (Chrono Boost)  
  18  1:18  Probe (Chrono Boost)  
  18  1:27  Probe (Chrono Boost)  
  19  1:32  Probe  
  20  1:40  Cybernetics Core  
  20  1:45  Pylon  
  20  1:55  Pylon  
  20  2:11  Probe (Chrono Boost), Gateway  
  21  2:17  Warp Gate  
  21  2:21  Probe (Chrono Boost)  
  22  2:26  Probe (Chrono Boost)  
  23  2:36  Stargate  
  23  2:39  Pylon  
  23  3:00  Robotics Facility  
  23  3:02  Twilight Council  
  23  3:14  Stalker (Chrono Boost)  
  27  3:23  Stalker (Chrono Boost)  
  27  3:34  Void Ray  
  29  4:20  Stalker x2  
  31  4:34  Oracle  
  34  4:42  Charge (Chrono Boost)  
  34  4:43  Warp Prism  
  36  4:51  Pylon  
  36  4:59  Nexus  
  36  5:05  Pylon  
  36  5:42  Oracle  
  39  5:55  Probe  
  39  6:08  Probe (Chrono Boost)  
  39  6:10  Observer  
  41  6:13  Stalker  
  41  6:14  Stalker  
  41  6:15  Blink  
  41  6:16  Probe (Chrono Boost)  
  46  6:19  Oracle  
  50  6:26  Probe (Chrono Boost)  
  50  6:31  Probe (Chrono Boost), Assimilator  
  50  6:32  Observer  
  52  6:43  Probe (Chrono Boost)  
  53  6:49  Stalker x2  
  57  6:55  Probe (Chrono Boost)  
  57  6:58  Assimilator  
  58  7:02  Probe (Chrono Boost)  
  59  7:09  Probe, Void Ray  
  59  7:14  Pylon  
  64  7:17  Pylon  
  64  7:20  Dark Shrine  
  64  7:21  Probe  
  65  7:26  Pylon  
  65  7:30  Pylon  
  65  7:36  Immortal  
  68  7:41  Gateway  
  68  7:49  Probe (Chrono Boost)  
  69  7:52  Void Ray  
  74  7:59  Probe (Chrono Boost)  
  74  8:04  Probe (Chrono Boost)  
  74  8:07  Stalker x2  
  79  8:15  Immortal  
  79  8:16  Probe  
  83  8:28  Probe  
  69  8:55  Dark Templar x2  
  73  9:02  Stalker  
  75  9:05  Void Ray  
  79  9:40  Stalker x2  
  79  9:41  Stalker  
  85  9:48  Void Ray  
  85  9:52  Immortal  
  93  10:15  Stalker x3  
  99  10:31  Immortal  
  97  11:10  Immortal  
  101  11:59  Void Ray  
  51  12:28  Probe (Chrono Boost)  
  45  12:38  Probe (Chrono Boost), Stargate x2  
  45  12:42  Probe (Chrono Boost), Void Ray  
  50  12:54  Probe  
  51  13:06  Probe  
  51  13:12  Dark Templar x2  
  56  13:13  Dark Templar  
  58  13:20  Probe (Chrono Boost)  
  58  13:24  Void Ray x2  
  66  13:30  Probe (Chrono Boost)  
  65  13:35  Probe (Chrono Boost)  
  62  13:46  Probe  
  61  13:49  Sentry x3  
  59  14:07  Void Ray  
  57  14:18  Zealot x3  
Show
View Real Time Build Order
Export as new Build Order

mom Terran - Winner!

Build Orders: Command Center First (CC) 

Get SALT Encoding   

  12  0:56  SCV  
  13  1:08  SCV  
  14  1:13  Refinery  
  14  1:15  Refinery  
  14  1:23  Engineering Bay  
  14  1:25  SCV  
  15  2:09  Command Center  
  15  2:14  Planetary Fortress  
  15  3:12  Command Center  
  15  3:21  SCV, Planetary Fortress  
  16  3:33  SCV  
  16  3:45  SCV  
  17  3:57  SCV  
  18  4:09  SCV  
  19  4:21  SCV  
  20  4:24  Planetary Fortress  
  20  4:33  SCV  
  21  4:43  Command Center  
  21  4:45  SCV  
  22  5:19  Supply Depot  
  22  5:20  Supply Depot x2  
  16  6:42  Barracks x2  
Tags
 
Add a new tag
Caveats
  • Supply blocks, unpowered buildings, or Contaminate may cause inaccurate times.
  • Supply counts are checked every 10 seconds.